[Event "Titled Tuesday Blitz July 18 Late 2023"]
[White "Paravyan, David"]
[Black "Taranenko, Evgueniy"]
[WhiteFideId "4194985"]
[BlackFideId "14122138"]
[WhiteElo "3022"]
[BlackElo "2752"]
[Result "1-0"]
[Round "5"]
[TimeControl "180+2"]
[Date "2023.07.18"]
[WhiteClock "0:00:28"]
[BlackClock "0:00:13"]
[Board "12"]

1. e4 e6 2. d4 d5 3. Nc3 Nf6 4. e5 Nfd7 5. f4 c5 6. Nf3 Nc6 7. Be3 Qb6 8. Na4 Qa5+ 9. c3 b6 10. Bd2 c4 11. b4 Nxb4 12. cxb4 Bxb4 13. Bxb4 Qxb4+ 14. Kf2 O-O 15. h4 b5 16. Nc5 Nxc5 17. dxc5 Qxc5+ 18. Kg3 Bd7 19. h5 h6 20. Nd4 b4 21. Rh3 f6 22. exf6 Rxf6 23. Nf3 Raf8 24. Rh4 Qe3 25. Bxc4 Rxf4 26. Qe2 Qc3 27. Rxf4 Rxf4 28. Kxf4 Qxa1 29. Bd3 Kf7 30. Qe5 Qxe5+ 31. Kxe5 Ke7 32. Nd4 a5 33. Bc2 a4 34. g4 Kf7 35. Bd1 b3 36. axb3 a3 37. Nc2 a2 38. Be2 Ke7 39. Na1 Bc6 40. Bd3 Bd7 41. b4 Ba4 42. b5 Kd7 43. b6 Kc6 44. Kxe6 Kxb6 45. Kxd5 Bd1 46. Bf5 Kb5 47. Kd4 Kb4 48. Be6 Bf3 49. Nc2+ Ka4 50. Kc3 Bd1 51. Na1 Ka3 52. Bd7 Bf3 53. Nc2# 1-0


[Site "https://www.chess.com"]

[Event "Titled Tuesday Blitz July 18 Late 2023"]
[White "Llorente Zaro, Alfonso"]
[Black "Duda, Jan-Krzysztof"]
[WhiteFideId "2254131"]
[BlackFideId "1170546"]
[WhiteElo "2750"]
[BlackElo "3009"]
[Result "0-1"]
[Round "5"]
[TimeControl "180+2"]
[Date "2023.07.18"]
[WhiteClock "0:00:00"]
[BlackClock "0:00:27"]
[Board "13"]

1. d4 f5 2. Nf3 Nf6 3. c4 g6 4. g3 Bg7 5. Bg2 O-O 6. Nc3 d6 7. d5 a5 8. O-O Na6 9. Be3 Bd7 10. Rc1 Qe8 11. Qc2 h6 12. Nd4 Ng4 13. Qd2 Nc5 14. Ncb5 Qc8 15. Ne6 Nxe3 16. Qxe3 Bxe6 17. dxe6 c6 18. Nd4 a4 19. Rfd1 Kh7 20. Rc2 Bxd4 21. Qxd4 Qxe6 22. e3 Qf6 23. h4 Kg7 24. Rcd2 g5 25. Re2 Ne6 26. hxg5 hxg5 27. Qxf6+ Kxf6 28. f4 Nc5 29. Kf2 Rh8 30. Rh1 Nd3+ 31. Kg1 Rxh1+ 32. Bxh1 Nc1 33. Rh2 gxf4 34. gxf4 Nxa2 35. Rh6+ Kg7 36. Re6 Kf7 37. Rh6 Nb4 38. Bf3 Nd3 39. Bh5+ Kg7 40. Re6 Nxb2 41. Rxe7+ Kh6 0-1


[Site "https://www.chess.com"]

[Event "Titled Tuesday Blitz July 18 Late 2023"]
[White "Kramnik, Vladimir"]
[Black "Meshkovs, Nikita"]
[WhiteFideId "4101588"]
[BlackFideId "11602740"]
[WhiteElo "2980"]
[BlackElo "2746"]
[Result "0-1"]
[Round "5"]
[TimeControl "180+2"]
[Date "2023.07.18"]
[WhiteClock "0:00:04"]
[BlackClock "0:00:04"]
[Board "14"]

1. e4 c5 2. Nf3 Nc6 3. c3 Nf6 4. e5 Nd5 5. Bc4 Nb6 6. Bb3 c4 7. Bc2 d5 8. exd6 Qxd6 9. O-O Bg4 10. a4 Ne5 11. Be4 O-O-O 12. a5 Nd5 13. Na3 f5 14. Nxe5 Bxd1 15. Nexc4 Qe6 16. Bxd5 Rxd5 17. Rxd1 Qe2 18. Rf1 e5 19. Ne3 Rd3 20. Nxf5 Bc5 21. Ne3 Rf8 22. Nac4 Rf4 23. b3 Bxe3 24. Nxe3 h5 25. c4 h4 26. h3 g5 27. Bb2 Rxd2 28. Rae1 Rxb2 29. Rxe2 Rxe2 30. Nd5 Rd4 31. Nc3 Rb2 32. Nb5 Rdd2 33. Nxa7+ Kd7 34. Nb5 Rxb3 35. Re1 Rbb2 36. Rxe5 Rd1+ 37. Kh2 Rxf2 38. Nc3 Ra1 39. Rd5+ Kc8 40. Rc5+ Kb8 41. Rxg5 Rff1 42. g3 Rf2# 0-1


[Site "https://www.chess.com"]

[Event "Titled Tuesday Blitz July 18 Late 2023"]
[White "Haydon, David L"]
[Black "Xiong, Jeffery"]
[WhiteFideId "415405"]
[BlackFideId "2047640"]
[WhiteElo "2709"]
[BlackElo "2965"]
[Result "0-1"]
[Round "5"]
[TimeControl "180+2"]
[Date "2023.07.18"]
[WhiteClock "0:00:00"]
[BlackClock "0:01:43"]
[Board "15"]

1. d4 Nf6 2. Nf3 g6 3. g3 Bg7 4. Bg2 c5 5. c3 b6 6. Ne5 d5 7. O-O O-O 8. Nd2 Bb7 9. Ndf3 Ne4 10. Bf4 f6 11. Nd3 Nd7 12. Nd2 e5 13. dxe5 fxe5 14. Nxe4 dxe4 15. Be3 Qc7 16. Nc1 c4 17. Qc2 Nf6 18. Bg5 Qc6 19. Bxf6 Rxf6 20. a4 Raf8 21. a5 Rxf2 22. Rxf2 Rxf2 23. Bxe4 Qc5 24. Kh1 Rf1+ 25. Kg2 Qg1+ 26. Kh3 Bc8+ 0-1


[Site "https://www.chess.com"]

[Event "Titled Tuesday Blitz July 18 Late 2023"]
[White "Dimitrov, Atanas"]
[Black "Durarbayli, Vasif"]
[WhiteFideId "2901315"]
[BlackFideId "13402935"]
[WhiteElo "2706"]
[BlackElo "2923"]
[Result "0-1"]
[Round "5"]
[TimeControl "180+2"]
[Date "2023.07.18"]
[WhiteClock "0:00:00"]
[BlackClock "0:00:45"]
[Board "16"]

1. Nf3 c5 2. c4 Nc6 3. g3 g6 4. Bg2 Bg7 5. O-O e6 6. Nc3 Nge7 7. b3 O-O 8. Bb2 d5 9. cxd5 exd5 10. Rc1 b6 11. Na4 d4 12. e3 Ba6 13. Re1 Nb4 14. exd4 Nd3 15. Ne5 Nxc1 16. Bxa8 Qxa8 17. Qxc1 Qd5 18. Nc3 Qxd4 19. Nf3 Qd7 20. Ne4 Bb7 21. Bxg7 Kxg7 22. Qc3+ f6 23. Neg5 Nd5 24. Qb2 Re8 25. h4 Rxe1+ 26. Nxe1 Nb4 27. a3 Qd5 28. f3 Nd3 29. Nxd3 Qxd3 30. Kf2 h6 31. Ne6+ Kf7 0-1


[Site "https://www.chess.com"]

[Event "Titled Tuesday Blitz July 18 Late 2023"]
[White "Makarian, Rudik"]
[Black "Leon Oquendo, Jorge"]
[WhiteFideId "44105681"]
[BlackFideId "3514803"]
[WhiteElo "2991"]
[BlackElo "2632"]
[Result "1-0"]
[Round "5"]
[TimeControl "180+2"]
[Date "2023.07.18"]
[WhiteClock "0:00:53"]
[BlackClock "0:00:07"]
[Board "17"]

1. Nf3 d5 2. c4 e6 3. g3 Nf6 4. Bg2 Be7 5. O-O O-O 6. b3 b6 7. Bb2 Bb7 8. cxd5 Nxd5 9. Nc3 Bf6 10. Qc1 Nd7 11. Nxd5 Bxb2 12. Qxb2 Bxd5 13. b4 c5 14. bxc5 Nxc5 15. Rac1 Qd6 16. d3 Rac8 17. Qa3 Qd7 18. Ne5 Qa4 19. Qxa4 Nxa4 20. Bxd5 exd5 21. Nc6 Rc7 22. Nb4 Rfc8 23. Rxc7 Rxc7 24. Nxd5 Rc2 25. e4 Rxa2 26. Rc1 h6 27. Rc8+ Kh7 28. Rc7 Nc5 29. Rxf7 Nxd3 30. h4 b5 31. h5 Kg8 32. Rb7 Nxf2 33. e5 Nh3+ 34. Kf1 Ng5 35. Rxb5 Kf7 36. Nf4 a5 37. Rb7+ Kf8 38. e6 Rd2 39. Ng6+ Ke8 40. e7 Kf7 41. Rb8 1-0


[Site "https://www.chess.com"]

[Event "Titled Tuesday Blitz July 18 Late 2023"]
[White "Karttunen, Mika"]
[Black "Oparin, Grigoriy"]
[WhiteFideId "502081"]
[BlackFideId "24125890"]
[WhiteElo "2658"]
[BlackElo "2984"]
[Result "0-1"]
[Round "5"]
[TimeControl "180+2"]
[Date "2023.07.18"]
[WhiteClock "0:00:09"]
[BlackClock "0:00:36"]
[Board "18"]

1. e4 c5 2. Nf3 e6 3. d4 cxd4 4. Nxd4 Nf6 5. Nc3 Nc6 6. Nxc6 bxc6 7. e5 Nd5 8. Ne4 Qc7 9. f4 Qb6 10. c4 Ne3 11. Qd3 Bb4+ 12. Bd2 Ba6 13. b3 O-O 14. Bxb4 Qxb4+ 15. Kf2 Nd5 16. Qf3 Qb6+ 17. Kg3 Ne3 18. Bd3 Qd4 19. Rhe1 Nf5+ 20. Kh3 f6 21. exf6 d5 22. fxg7 Qxg7 23. Ng5 Qh6+ 0-1


[Site "https://www.chess.com"]

[Event "Titled Tuesday Blitz July 18 Late 2023"]
[White "Begmuratov, Alisher"]
[Black "Yoo, Christopher Woojin"]
[WhiteFideId "14203367"]
[BlackFideId "30909694"]
[WhiteElo "2657"]
[BlackElo "2983"]
[Result "0-1"]
[Round "5"]
[TimeControl "180+2"]
[Date "2023.07.18"]
[WhiteClock "0:00:08"]
[BlackClock "0:00:14"]
[Board "19"]

1. Nf3 b6 2. g3 Bb7 3. Bg2 c5 4. b3 Nf6 5. Bb2 e6 6. O-O Be7 7. d3 d5 8. e3 O-O 9. Nbd2 Nbd7 10. Ne5 Nxe5 11. Bxe5 Nd7 12. Bb2 Bf6 13. Bxf6 Nxf6 14. Qe2 e5 15. e4 Re8 16. h3 Qc7 17. Kh2 Rad8 18. Rae1 b5 19. exd5 Nxd5 20. Qe4 Bc6 21. Qh4 f6 22. Ne4 Bb7 23. Re2 f5 24. Ng5 h6 25. Nf3 Nc3 26. Rxe5 Rxe5 27. Nxe5 Bxg2 28. Kxg2 Re8 29. f4 Nxa2 30. Qh5 Rf8 31. Re1 Qb7+ 32. Kh2 Qe7 33. Re2 Nc3 34. Re1 a5 35. Qg6 Rf6 36. Qh5 a4 37. bxa4 bxa4 38. Qf3 Kh7 39. Qa8 Re6 40. Ra1 Rxe5 41. fxe5 Qxe5 42. Ra3 Qe3 43. Qg2 Qd4 44. Qf3 Qe5 45. Kg2 Nd5 46. Rxa4 Ne3+ 47. Kh2 Nxc2 48. Ra7 Nd4 49. Qf2 Qd5 50. Qg2 Nf3+ 51. Kh1 Qxd3 52. Ra1 c4 53. Qf2 c3 54. Rf1 c2 55. Kg2 Nd4 56. Rc1 Ne2 57. Qe1 Qe4+ 58. Kf2 Nxc1 59. Qxc1 Qd3 60. Qf4 Qe4 61. Qd2 h5 62. Qc3 h4 63. gxh4 Qf4+ 64. Ke2 c1=Q 65. Qxc1 Qxc1 66. Kf3 Qh6 67. h5 Qxh5+ 68. Kg2 Kh6 69. Kh2 Qg4 70. hxg4 fxg4 71. Kg3 Kg5 72. Kg2 Kf4 73. Kf2 g3+ 74. Kg2 Kg4 75. Kg1 Kf3 76. Kf1 g2+ 77. Kg1 g6 78. Kh2 Kf2 79. Kh3 g1=Q 80. Kh4 Qg3# 0-1


[Site "https://www.chess.com"]

[Event "Titled Tuesday Blitz July 18 Late 2023"]
[White "Maghsoodloo, Parham"]
[Black "Gaitan, Juan Manuel"]
[WhiteFideId "12539929"]
[BlackFideId "121657"]
[WhiteElo "2971"]
[BlackElo "2622"]
[Result "1-0"]
[Round "5"]
[TimeControl "180+2"]
[Date "2023.07.18"]
[WhiteClock "0:00:20"]
[BlackClock "0:00:00"]
[Board "20"]

1. e4 e6 2. d4 d5 3. e5 c5 4. c3 Nc6 5. Nf3 Qb6 6. a3 Nh6 7. Bd3 cxd4 8. O-O Bd7 9. b4 Rc8 10. Bb2 Nf5 11. Bxf5 exf5 12. cxd4 Na5 13. Nc3 Nc4 14. Bc1 Be6 15. Na4 Qc6 16. Nc5 b6 17. Nd3 h6 18. a4 Be7 19. b5 Qb7 20. Nfe1 O-O 21. Nc2 a6 22. Ncb4 a5 23. Nc6 Rxc6 24. bxc6 Qxc6 25. Nf4 Rc8 26. Rb1 Bb4 27. Nh5 Bd7 28. Qf3 Kh8 29. Nf4 Be6 30. Qd1 Bd7 31. Rb3 Qxa4 32. Nxd5 Be6 33. Nxb4 axb4 34. Rb1 Qb5 35. Re1 Bd5 36. Qh5 Be6 37. Bxh6 gxh6 38. Qxh6+ Kg8 39. Rb3 Nxe5 40. Rxe5 f4 41. Rg5+ Qxg5 42. Qxg5+ Kf8 43. Rb1 b3 44. h4 1-0


[Site "https://www.chess.com"]

[Event "Titled Tuesday Blitz July 18 Late 2023"]
[White "Rostomyan, Mikayel"]
[Black "Svane, Rasmus"]
[WhiteFideId "13313754"]
[BlackFideId "4657101"]
[WhiteElo "2620"]
[BlackElo "2958"]
[Result "0-1"]
[Round "5"]
[TimeControl "180+2"]
[Date "2023.07.18"]
[WhiteClock "0:00:01"]
[BlackClock "0:00:22"]
[Board "21"]

1. d4 d5 2. c4 e6 3. Nf3 a6 4. e3 Nf6 5. Nc3 dxc4 6. Bxc4 b5 7. Be2 Bb7 8. O-O Nbd7 9. a4 b4 10. Nb1 c5 11. a5 Be7 12. Nbd2 O-O 13. Nc4 Qc7 14. b3 Rfd8 15. Bb2 Rac8 16. Rc1 Qb8 17. Qc2 Be4 18. Qd1 cxd4 19. exd4 Bb7 20. Ne3 Bd6 21. h3 Bf4 22. Rxc8 Rxc8 23. Qd3 Ne4 24. d5 Ndc5 25. Qd4 Nc3 26. Bxc3 bxc3 27. Bc4 Bxe3 28. fxe3 exd5 29. Bxd5 Bxd5 30. Qxd5 Qxb3 31. Qf5 Qe6 32. Qf4 Nd3 33. Qd4 c2 34. Ng5 Qg6 35. Nxf7 c1=Q 36. Rxc1 Rxc1+ 37. Kh2 Qxf7 0-1


[Site "https://www.chess.com"]

[Event "Titled Tuesday Blitz July 18 Late 2023"]
[White "Arabidze, Meri"]
[Black "Sjugirov, Sanan"]
[WhiteFideId "13604040"]
[BlackFideId "4189302"]
[WhiteElo "2617"]
[BlackElo "2938"]
[Result "0-1"]
[Round "5"]
[TimeControl "180+2"]
[Date "2023.07.18"]
[WhiteClock "0:00:00"]
[BlackClock "0:01:02"]
[Board "22"]

1. d4 d5 2. Nf3 e6 3. g3 b6 4. Bg2 Bb7 5. O-O Nd7 6. Nbd2 Ngf6 7. c4 dxc4 8. Nxc4 Be7 9. Nce5 O-O 10. Nxd7 Nxd7 11. Bf4 Rc8 12. Rc1 c5 13. dxc5 Nxc5 14. Ne5 Bxg2 15. Kxg2 Qc7 16. f3 Qb7 17. Qd2 f6 18. Nc4 Rfd8 19. Qe1 Qa6 20. b4 Nd7 21. Nd6 Rxc1 22. Qxc1 g5 23. Qc7 gxf4 24. Nb7 Qxe2+ 25. Rf2 Qe5 26. Qc6 Nb8 0-1


[Site "https://www.chess.com"]

[Event "Titled Tuesday Blitz July 18 Late 2023"]
[White "Karaoglan, Doruk"]
[Black "Antipov, Mikhail Al."]
[WhiteFideId "6390927"]
[BlackFideId "4107012"]
[WhiteElo "2616"]
[BlackElo "2915"]
[Result "0-1"]
[Round "5"]
[TimeControl "180+2"]
[Date "2023.07.18"]
[WhiteClock "0:00:24"]
[BlackClock "0:00:52"]
[Board "23"]

1. e4 c5 2. Nc3 Nc6 3. g3 g6 4. Bg2 Bg7 5. d3 e6 6. Be3 d6 7. f4 Nf6 8. Nf3 O-O 9. h3 Rb8 10. O-O b5 11. e5 dxe5 12. Bxc5 exf4 13. Bxf8 Qxf8 14. gxf4 Nh5 15. f5 exf5 16. Ne2 Bb7 17. d4 Re8 18. c3 Ne7 19. Ne1 Nd5 20. Qd2 Bh6 21. Qd3 Qd6 22. Qxb5 Rxe2 23. Qxe2 Be3+ 24. Rf2 Ng3 25. Qf3 f4 26. Nc2 Nxc3 27. Qxb7 Nce2+ 28. Kh2 f3 29. Rxe2 Nf1+ 0-1


[Site "https://www.chess.com"]

[Event "Titled Tuesday Blitz July 18 Late 2023"]
[White "Grigoriants, Sergey"]
[Black "Chen, Justin"]
[WhiteFideId "4130804"]
[BlackFideId "2098199"]
[WhiteElo "2911"]
[BlackElo "2610"]
[Result "1-0"]
[Round "5"]
[TimeControl "180+2"]
[Date "2023.07.18"]
[WhiteClock "0:00:38"]
[BlackClock "0:00:00"]
[Board "24"]

1. d4 d5 2. c4 dxc4 3. Nf3 Nf6 4. e3 e6 5. Bxc4 a6 6. O-O b5 7. Be2 Bb7 8. b3 Nbd7 9. Bb2 c5 10. a4 b4 11. Nbd2 Be7 12. Rc1 O-O 13. Nc4 Rc8 14. Nfe5 cxd4 15. Nxd7 Nxd7 16. Qxd4 Bf6 17. Qa7 Bxb2 18. Nxb2 Qb6 19. Qxb6 Nxb6 20. Nc4 Nxc4 21. Bxc4 a5 22. Rfd1 Rfd8 23. Kf1 Kf8 24. f3 Ke7 25. Ke2 Rxd1 26. Rxd1 Rc5 27. e4 Bc6 28. Ke3 Bxa4 29. Kd4 Rc7 30. Ra1 Bd7 31. Rxa5 f6 32. f4 g5 33. fxg5 e5+ 34. Ke3 fxg5 35. Rxe5+ Kf6 36. Ra5 Rc6 37. e5+ Ke7 38. Kd4 Rb6 39. Ra7 1-0


[Site "https://www.chess.com"]

[Event "Titled Tuesday Blitz July 18 Late 2023"]
[White "Tang, Andrew"]
[Black "HamedWafa4"]
[WhiteFideId "2059630"]
[WhiteElo "2882"]
[BlackElo "2608"]
[Result "1-0"]
[Round "5"]
[TimeControl "180+2"]
[Date "2023.07.18"]
[WhiteClock "0:00:16"]
[BlackClock "0:00:15"]
[Board "25"]

1. d4 Nf6 2. c4 e6 3. Nc3 Bb4 4. Qc2 O-O 5. Nf3 d6 6. g3 b6 7. Bg2 Bb7 8. O-O Bxc3 9. Qxc3 Nbd7 10. b4 a5 11. b5 Qe7 12. a4 Ne4 13. Qc2 f5 14. Ba3 Rae8 15. Rfd1 e5 16. dxe5 Nxe5 17. Nxe5 Qxe5 18. Bb2 Qe7 19. e3 Nc5 20. Bxb7 Nxb7 21. Rd5 Qe4 22. Qc3 Rf7 23. Rad1 Nc5 24. R1d4 Qe6 25. Qc2 Ne4 26. Kg2 Rf6 27. Qe2 Rh6 28. h4 Rg6 29. Qf3 Rf8 30. Rd1 Rg4 31. Kh2 Qg6 32. Rg1 Qh5 33. Kg2 Qxh4 34. Rxf5 Rxf5 35. Qxf5 Nf6 36. Bxf6 gxf6 37. Qc8+ Kg7 38. Qxc7+ Kf8 39. Qxd6+ Kg8 40. Qxb6 Qg5 41. Qd8+ Kg7 42. b6 Qe5 43. Qd7+ 1-0


[Site "https://www.chess.com"]

[Event "Titled Tuesday Blitz July 18 Late 2023"]
[White "Rasulov, Vugar"]
[Black "Voege, Tobias"]
[WhiteFideId "13402390"]
[BlackFideId "1270513"]
[WhiteElo "2855"]
[BlackElo "2608"]
[Result "1-0"]
[Round "5"]
[TimeControl "180+2"]
[Date "2023.07.18"]
[WhiteClock "0:00:26"]
[BlackClock "0:00:12"]
[Board "26"]

1. d4 d5 2. c4 Nc6 3. Nc3 e5 4. cxd5 Nxd4 5. e3 Nf5 6. Nf3 Bd6 7. e4 Nfe7 8. Bd3 Nf6 9. O-O O-O 10. h3 a6 11. Be3 Ng6 12. Rc1 Re8 13. a3 Nh5 14. Re1 Nhf4 15. Bf1 f5 16. exf5 Bxf5 17. Nd2 Qh4 18. Bxf4 exf4 19. Nf3 Qf6 20. Qd4 Qf8 21. Ne4 Ne5 22. Nxe5 Bxe5 23. Qc4 f3 24. g3 Kh8 25. Re3 Bd6 26. Rce1 Bxe4 27. Rxe4 Rxe4 28. Rxe4 Re8 29. Qd3 Rxe4 30. Qxe4 g6 31. h4 Qf6 32. b4 Kg7 33. Bh3 Qc3 34. Bg4 Qxa3 35. Bxf3 Qxb4 36. Qe8 Qb1+ 37. Kg2 Qf5 38. h5 gxh5 39. Bxh5 Qxd5+ 40. Bf3 Qf5 41. Bxb7 a5 42. Be4 Qf7 43. Qb5 Bb4 44. Qg5+ Kf8 45. Bd5 Qg7 46. Qd8# 1-0


[Site "https://www.chess.com"]

[Event "Titled Tuesday Blitz July 18 Late 2023"]
[White "Ganiev, Roman"]
[Black "Cordova, Emilio"]
[WhiteFideId "4131452"]
[BlackFideId "3801497"]
[WhiteElo "2606"]
[BlackElo "2853"]
[Result "1-0"]
[Round "5"]
[TimeControl "180+2"]
[Date "2023.07.18"]
[WhiteClock "0:00:22"]
[BlackClock "0:00:03"]
[Board "27"]

1. e4 c5 2. Nf3 a6 3. c4 b6 4. d4 cxd4 5. Nxd4 Bb7 6. Nc3 e6 7. Bd3 Bc5 8. Be3 Nf6 9. Qe2 O-O 10. O-O Nc6 11. Nxc6 Bxc6 12. Bxc5 bxc5 13. e5 Ne8 14. Ne4 Qe7 15. Qe3 Rb8 16. b3 Bxe4 17. Qxe4 f5 18. exf6 Nxf6 19. Qh4 g6 20. Rfe1 Rf7 21. Rad1 Qf8 22. f3 Nh5 23. Bc2 a5 24. Re5 Ng7 25. Qf2 d6 26. Ree1 Rf6 27. Qd2 e5 28. Qxa5 Ne6 29. Be4 Nd4 30. Bd5+ Kh8 31. Qd2 g5 32. Qd3 Qg7 33. Re4 Rf4 34. Rxf4 gxf4 35. Rd2 Qa7 36. Qb1 Rf8 37. Qe1 Qa5 38. Qf2 Qc3 39. h3 Rf6 40. Kh2 Rg6 41. Be4 Rg3 42. Rd3 Qc1 43. Rd2 Kg7 44. Rb2 h6 45. a3 Qa1 46. b4 Qxa3 47. b5 d5 48. Bxd5 Nf5 49. b6 1-0


[Site "https://www.chess.com"]

[Event "Titled Tuesday Blitz July 18 Late 2023"]
[White "Gadimbayli, Abdulla"]
[Black "Pinheiro, Iung Alicio de O."]
[WhiteFideId "13404938"]
[BlackFideId "2104350"]
[WhiteElo "2840"]
[BlackElo "2599"]
[Result "1-0"]
[Round "5"]
[TimeControl "180+2"]
[Date "2023.07.18"]
[WhiteClock "0:01:29"]
[BlackClock "0:00:05"]
[Board "28"]

1. e4 e5 2. Nf3 Nc6 3. Nc3 Nf6 4. d4 Bb4 5. Nxe5 Qe7 6. Qd3 Nxe5 7. dxe5 Qxe5 8. Bd2 O-O 9. O-O-O Bxc3 10. Bxc3 Qf4+ 11. Rd2 Nxe4 12. Qd4 f6 13. f3 d5 14. Qxd5+ Kh8 15. Qxe4 Qg5 16. Bd3 Qh6 17. Kb1 c6 18. Rdd1 Bd7 19. Bd2 Qh5 20. g4 1-0


[Site "https://www.chess.com"]

[Event "Titled Tuesday Blitz July 18 Late 2023"]
[White "Bachmann, Axel"]
[Black "Geivondian, Arman"]
[WhiteFideId "3700488"]
[BlackFideId "24102032"]
[WhiteElo "2839"]
[BlackElo "2597"]
[Result "1-0"]
[Round "5"]
[TimeControl "180+2"]
[Date "2023.07.18"]
[WhiteClock "0:00:18"]
[BlackClock "0:01:00"]
[Board "29"]

1. e4 c6 2. d4 d5 3. exd5 cxd5 4. Bd3 Nc6 5. c3 Nf6 6. h3 g6 7. Nf3 Bf5 8. Ne5 Bg7 9. O-O O-O 10. Nxc6 bxc6 11. Bxf5 gxf5 12. Nd2 e6 13. Nb3 Nd7 14. Bf4 Re8 15. Re1 Rc8 16. Re3 Kh8 17. Qh5 Nf6 18. Qe2 Ne4 19. f3 Nf6 20. g4 Rg8 21. Kh1 fxg4 22. hxg4 Nd7 23. Qh2 Qf6 24. Rg1 Qg6 25. Bd6 Bf8 26. Bxf8 Rcxf8 27. f4 Nf6 28. g5 Ne4 29. Nc5 f5 30. Nd7 Qe8 31. Nxf8 Qxf8 32. Rh3 Qf7 33. Rh6 Rg6 34. Rxg6 Qxg6 35. Qh6 Kg8 36. Qxg6+ hxg6 37. Kg2 Nd6 38. Kf3 Kf7 39. Ke3 Nc4+ 40. Ke2 Nxb2 41. Rb1 Na4 42. Rb7+ Kf8 43. Kd2 a5 44. Rc7 Nb2 45. Rxc6 Ke7 46. Rc7+ Kf8 47. Rc5 Ke7 48. Kc2 Nc4 49. Kb3 Ne3 50. Rxa5 Ng2 51. Ra7+ Kd6 52. a4 Nxf4 53. Rg7 e5 54. dxe5+ Kxe5 55. a5 Nd3 56. Ka4 f4 57. Rxg6 f3 58. Rh6 Kf5 59. Rf6+ Ke4 60. g6 Nf4 61. Rxf4+ Kxf4 62. g7 f2 63. g8=Q Ke3 64. Qf7 Ke2 65. a6 1-0


[Site "https://www.chess.com"]

[Event "Titled Tuesday Blitz July 18 Late 2023"]
[White "Rodchenkov, Sergey D."]
[Black "Ozen, Bahadir"]
[WhiteFideId "4168712"]
[BlackFideId "6337058"]
[WhiteElo "2595"]
[BlackElo "2835"]
[Result "0-1"]
[Round "5"]
[TimeControl "180+2"]
[Date "2023.07.18"]
[WhiteClock "0:00:18"]
[BlackClock "0:00:59"]
[Board "30"]

1. e4 d6 2. d4 Nf6 3. Nc3 e5 4. Nf3 Nbd7 5. Bc4 Be7 6. a4 O-O 7. O-O c6 8. Re1 a5 9. b3 exd4 10. Qxd4 Nc5 11. Bb2 Be6 12. Rad1 Re8 13. h3 Bf8 14. Bf1 Qc7 15. Ng5 Rad8 16. f4 h6 17. Nf3 Bc8 18. g3 Na6 19. Kh2 Nb4 20. Qd2 d5 21. e5 Ne4 22. Qg2 Bf5 23. Nd4 Bh7 24. Nb1 f6 25. e6 Na6 26. Nd2 Nac5 27. Nxe4 Bxe4 28. Qf2 Nxe6 29. Nxe6 Rxe6 0-1


[Site "https://www.chess.com"]

[Event "Titled Tuesday Blitz July 18 Late 2023"]
[White "Karacsonyi, Gellert"]
[Black "Pinero Rodriguez, Carlos Jose"]
[WhiteFideId "764620"]
[BlackFideId "3901726"]
[WhiteElo "2817"]
[BlackElo "2591"]
[Result "1/2-1/2"]
[Round "5"]
[TimeControl "180+2"]
[Date "2023.07.18"]
[WhiteClock "0:00:03"]
[BlackClock "0:00:06"]
[Board "31"]

1. e4 c5 2. Nf3 e6 3. d4 cxd4 4. Nxd4 a6 5. c4 Qc7 6. Nc3 Nf6 7. Be2 Be7 8. O-O d6 9. f4 Nc6 10. Nxc6 bxc6 11. b3 e5 12. f5 h6 13. Kh1 Bb7 14. Qd3 Rd8 15. Ba3 d5 16. Bxe7 Qxe7 17. cxd5 cxd5 18. exd5 Nxd5 19. Nxd5 Rxd5 20. Qg3 Qg5 21. Qxg5 hxg5 22. Bf3 Rd7 23. Bxb7 Rxb7 24. f6 g6 25. Rfe1 Rb5 26. a4 Rd5 27. Rad1 Rxd1 28. Rxd1 O-O 29. Kg1 Rb8 30. Rd6 Rxb3 31. Rxa6 Rb2 32. Ra8+ Kh7 33. Rf8 Rb7 34. Re8 Rb1+ 35. Kf2 Rb4 36. a5 Rf4+ 37. Ke3 Rxf6 38. Rxe5 Ra6 39. Kd4 f5 40. Kc4 Rc6+ 41. Rc5 Re6 42. Kb5 Re2 43. a6 Rxg2 44. a7 Ra2 45. Kb6 Rxa7 46. Kxa7 g4 47. Kb6 Kh6 48. Rc3 Kg5 49. Kc5 f4 50. Kd4 Kh4 51. Ke4 g5 52. Kf5 g3 53. hxg3+ fxg3 54. Ke4 Kh3 55. Kf3 g2 56. Rc1 Kh2 57. Kf2 g4 58. Ke2 g3 59. Kf3 g1=Q 60. Rxg1 Kxg1 61. Kxg3 1/2-1/2


[Site "https://www.chess.com"]

[Event "Titled Tuesday Blitz July 18 Late 2023"]
[White "Skvortsov, Andrei"]
[Black "Krishnan, Varun"]
[WhiteFideId "24108600"]
[BlackFideId "5054508"]
[WhiteElo "2805"]
[BlackElo "2586"]
[Result "1/2-1/2"]
[Round "5"]
[TimeControl "180+2"]
[Date "2023.07.18"]
[WhiteClock "0:00:14"]
[BlackClock "0:00:03"]
[Board "32"]

1. e4 a6 2. d4 e6 3. a3 d5 4. Nc3 Nf6 5. Bg5 Be7 6. e5 Nfd7 7. Bxe7 Qxe7 8. f4 c5 9. Nf3 Nc6 10. Qd2 b5 11. h4 Bb7 12. h5 h6 13. Nd1 Nb6 14. Ne3 Nc4 15. Qc3 Rc8 16. Nxc4 dxc4 17. Rd1 cxd4 18. Nxd4 Nxd4 19. Qxd4 O-O 20. Qd6 Qxd6 21. Rxd6 Rfd8 22. Rxd8+ Rxd8 23. c3 f6 24. exf6 gxf6 25. Rh3 Kf7 26. g4 e5 27. fxe5 fxe5 28. Be2 Kf6 29. Re3 e4 30. Rg3 Kg5 31. Rg1 Kf4 32. Bd1 Bc8 33. Rf1+ Ke3 34. Rf6 Rd2 35. Rxh6 Rg2 36. Rf6 Bxg4 37. h6 Bxd1 38. Kxd1 Rh2 39. Kc1 Kd3 40. Rd6+ Ke2 41. Rxa6 e3 42. Rf6 Kd3 43. Rd6+ Ke4 44. Re6+ Kd3 45. Rd6+ Ke4 46. Re6+ Kf4 47. Kd1 Rxb2 48. h7 Rh2 49. Re7 Kf3 50. Rf7+ Ke4 51. Rd7 Rh1+ 52. Ke2 Rh2+ 53. Kf1 Kf3 54. Rf7+ Ke4 55. Kg1 Rh6 56. Rd7 Rg6+ 57. Kf1 Rh6 58. Kg2 Rg6+ 59. Kf1 Rf6+ 60. Ke1 Rh6 61. Ke2 Rh2+ 62. Kd1 e2+ 63. Ke1 Ke3 64. Re7+ Kd3 65. Rd7+ Kxc3 66. Rg7 Kb2 67. Rb7 Kxa3 68. Rxb5 Rxh7 69. Kxe2 Rc7 70. Kd2 c3+ 71. Kc2 Ka4 72. Rb8 Ka5 73. Rb1 Ka6 74. Rb4 Ka7 75. Rg4 Kb7 76. Rg6 Kc8 77. Rg8+ Kd7 78. Rg4 Kd6 79. Rg3 Ke6 80. Rxc3 Rxc3+ 81. Kxc3 1/2-1/2


[Site "https://www.chess.com"]

[Event "Titled Tuesday Blitz July 18 Late 2023"]
[White "Bartel, Michal"]
[Black "Tristan, Leonardo"]
[WhiteFideId "1119257"]
[BlackFideId "113816"]
[WhiteElo "2578"]
[BlackElo "2790"]
[Result "0-1"]
[Round "5"]
[TimeControl "180+2"]
[Date "2023.07.18"]
[WhiteClock "0:00:30"]
[BlackClock "0:00:15"]
[Board "33"]

1. e4 d5 2. exd5 Qxd5 3. Nc3 Qa5 4. g3 e5 5. Bg2 Nf6 6. Nge2 Bd6 7. d3 c6 8. O-O O-O 9. Rb1 h6 10. h3 Re8 11. Bd2 Qc7 12. b4 Be6 13. a4 a6 14. b5 axb5 15. axb5 Nbd7 16. Re1 Bf8 17. Qc1 Nd5 18. g4 Ba3 19. Qd1 N7f6 20. bxc6 bxc6 21. Ng3 Nf4 22. Nge4 Nxe4 23. Nxe4 Nxg2 24. Kxg2 Bf8 25. Kg1 Qd7 26. Bxh6 f5 27. gxf5 Bxf5 28. Bg5 Bxh3 29. Qf3 Ra2 30. Rbc1 Be6 31. Qg3 Bd5 32. Re2 Qf5 33. Rce1 Re6 34. Re3 Rg6 35. Rf3 Qe6 36. c4 Bxe4 37. Rxe4 Be7 38. Rxe5 Qxe5 39. Qxe5 Rxg5+ 40. Qxg5 Bxg5 41. Kh2 Bf6 42. Kg3 c5 43. Kg4 Bd4 44. Kg3 g6 45. Kg2 Kg7 46. Kg3 g5 47. Kg4 Rxf2 48. Rxf2 Bxf2 49. Kxg5 Bd4 50. Kf5 Kh6 51. Ke4 Kg5 52. Kf3 Kf5 53. Kg3 Ke5 54. Kf3 Bg1 55. Ke2 Kd4 56. Kf3 Kxd3 57. Kg2 Kxc4 58. Kxg1 Kd3 59. Kf1 Kd2 60. Kf2 c4 61. Kg2 c3 62. Kh2 c2 63. Kg2 c1=Q 64. Kh2 Qf1 65. Kg3 Qf5 66. Kh2 Qg4 67. Kh1 Ke2 68. Kh2 Kf2 69. Kh1 Qh4# 0-1


[Site "https://www.chess.com"]